 Dungeon Crawl Stone Soup version 0.25-a0-285-gcba6f664f8 (webtiles) character file.

Game seed: 5156730485888892991, levelgen mode: deterministic

14902 rorschach the Martial Artist (level 11, -33/99 (100) HPs)
             Began as a White Draconian Transmuter on Dec 11, 2019.
             Was a Believer of Uskayaw.
             Killed from afar by Louise (48 damage)
             ... with a stone arrow
             ... on level 15 of the Dungeon.
             The game lasted 00:55:40 (16717 turns).

rorschach the Martial Artist (DrTm)                Turns: 16717, Time: 00:55:41

HP:   -33/99 (100)  AC:  6    Str: 15    XL:     11   Next: 94%
MP:   11/20         EV: 13    Int: 14    God:    Uskayaw [**....]
Gold: 439           SH:  0    Dex: 21    Spells: 10/22 levels left

rFire    x . .     SeeInvis .     - Unarmed
rCold    + + +     Gourm    .   (shield currently unavailable)
rNeg     . . .     Faith    .   (armour unavailable)
rPois    +         Spirit   .   (helmet currently unavailable)
rElec    .         Reflect  .   (cloak currently unavailable)
rCorr    .         Harm     .   (gloves currently unavailable)
MR       +....     Clarity  +   (boots currently unavailable)
Stlth    +.........             y - amulet of rage
HPRegen  0.26/turn              C - ring of Ikkaim Jaom {Str+3 Stlth-}
MPRegen  0.17/turn              e - +6 ring of dexterity

@: ice-form, flying, very slightly contaminated, studying Shields, heavily
drained
A: large, (breathe frost), unfitting armour, clarity, magic resistance 1, AC +7
a: End Transformation, Stomp, Line Pass, Renounce Religion, Evoke Berserk Rage


You were on level 15 of the Dungeon.
You worshipped Uskayaw.
Uskayaw was noncommittal.
You were hungry.
You were a creature of crystalline ice.
You visited 2 branches of the dungeon, and saw 14 of its levels.

You collected 559 gold pieces.
You spent 120 gold pieces at shops.

Inventory:

Hand Weapons
 H - a +6 trident
Missiles
 a - 338 arrows
 l - 6 atropa-tipped darts
 t - 6 poisoned darts (quivered)
 B - 5 silver boomerangs
 P - 7 boomerangs
 Z - a throwing net
Armour
 h - a +0 shield
 i - a +0 cloak (melded)
 D - a +0 pair of boots (melded)
Magical Staves
 L - an uncursed staff of fire
Jewellery
 e - a +6 ring of dexterity (right front paw)
 j - an uncursed ring of ice
 v - an uncursed ring of protection from cold
 y - an amulet of rage (around neck)
 C - the ring of Ikkaim Jaom (left front paw) {Str+3 Stlth-}
   (You found it on level 6 of the Dungeon)

   [ring of attention]

   It affects your strength (+3).
   It makes you less stealthy.
 N - an uncursed ring of positive energy
 X - an uncursed ring of poison resistance
Wands
 b - a wand of iceblast (2)
 s - a wand of acid (7)
 K - a wand of random effects (25)
 O - a wand of digging (2)
Scrolls
 d - 8 scrolls of teleportation
 q - 2 scrolls of immolation
 r - 6 scrolls of remove curse
 G - a scroll of fear {unknown}
 Q - a scroll of vulnerability {unknown}
 R - a scroll of enchant armour {unknown}
 V - a scroll of torment {unknown}
Potions
 f - 2 potions of berserk rage
 g - 4 potions of curing
 o - a potion of agility
 p - 3 potions of resistance
 u - a potion of mutation
 x - 4 potions of lignification
 A - a potion of haste
 E - a potion of ambrosia
 F - a potion of invisibility
 I - a potion of might {unknown}
 M - a potion of flight {unknown}
 S - a potion of magic
 W - 2 potions of heal wounds {unknown}
Books
 T - a manual of Shields
Miscellaneous
 J - a lightning rod (4/4)
Comestibles
 c - 17 rations


   Skills:
 + Level 4.0(2.6) Fighting
 - Level 4.1(2.7) Throwing
 + Level 5.8(4.3) Dodging
 + Level 11.4(9.7) Unarmed Combat
 + Level 6.1(4.7) Spellcasting
 - Level 2.8(1.5) Charms
 * Level 7.7(6.2) Transmutations
 - Level 7.3(5.8) Ice Magic
 - Level 3.1(1.7) Air Magic
 - Level 4.0(2.6) Poison Magic
 * Level 2.4(1.1) Invocations
 + Level 2.1(0.8) Evocations


You had 10 spell levels left.
You knew the following spells:

 Your Spells              Type           Power        Failure   Level  Hunger
a - Beastly Appendage     Tmut           ###...       1%          1    None
b - Sticks to Snakes      Tmut           ###.....     2%          2    ##.....
c - Spider Form           Tmut/Pois      ###.......   9%          3    ###....
d - Ice Form              Ice/Tmut       ###.....     16%         4    ####...
e - Swiftness             Chrm/Air       #.......     14%         2    ##.....

Your spell library contained the following spells:

 Spells                   Type           Power        Failure   Level  Hunger
 Shock                    Conj/Air       #...         13%         1    None
 Static Discharge         Conj/Air       #.......     36%         3    ###....
 Blade Hands              Tmut           ###.......   36%         5    ######.
 Airstrike                Air            #.........   65%         4    ####...
 Lightning Bolt           Conj/Air       #.........   98%         5    ######.


Dungeon Overview and Level Annotations

Branches:
Dungeon (12/15)            Temple (1/1) D:6            Lair (0/6) D:9
    Orc (0/2) D:9

Altars:
Ashenzari
Cheibriados
Dithmenos
Elyvilon
Fedhas
Gozag
Hepliaklqana
Kikubaaqudgha
Makhleb
Nemelex Xobeh
Okawaru
Qazlal
Ru
Sif Muna
Trog
Uskayaw
Vehumet
Wu Jian
Xom
Yredelemnul
Zin
The Shining One
Lugonu

Shops:
D:7 :   D:11 !

Annotations:
D:2 exclusion: jelly
D:3 exclusion: downstairs
D:7 exclusion: downstairs
D:9 exclusion: 2 downstairs
D:12 Jorgrun
D:15 Louise


Innate Abilities, Weirdness & Mutations

((You can breathe waves of freezing cold.))
((You can buffet flying creatures when you breathe cold.))
((Your icy white scales are hard. (AC +7)))
You cannot fit into any form of body armour.
((Your flesh is cold resistant. (rC+)))
((You are cold-blooded and may be slowed by cold attacks.))
((Your large and strong wings let you fly indefinitely.))
((Your tail ends in a poisonous barb.))
You possess an exceptional clarity of mind.
You are resistant to hostile enchantments. (MR+)


Message History

The bolt of lightning hits the centaur warrior simulacrum!!
The centaur warrior simulacrum vapourises!
Louise gestures at you while chanting. The bolt of lightning hits you!!
The bolt of lightning hits you!
Louise gestures wildly while chanting.
Louise blinks!
Louise closely misses you.
You hit Louise. You freeze Louise.
Louise is lightly wounded.
Louise hits Louise from afar with a +3 trident of venom!
You punch Louise! You freeze Louise.
Louise is heavily wounded.
Louise hits you with a +3 trident of venom!
* * * LOW HITPOINT WARNING * * *
You punch Louise! You freeze Louise.
Louise is heavily wounded.
Louise shimmers and vanishes!
Louise points at you and mumbles some strange words.
The stone arrow hits you!!!
You die...

#.......#
#.......#
#.......#
#.......#
#..<....#
+.......#
#..°....#
#.Y@§..%#
#.#######
+.# ###


You could see Louise.

Vanquished Creatures
  4 two-headed ogres
  2 centaur warriors (D:10)
  Pikel (D:8)
  An orc knight (D:10)
  Maurice (D:8)
  2 kobold demonologists (D:11)
  A troll (D:10)
  2 hippogriffs (D:11)
  A wyvern (D:10)
  A wraith (D:10)
  A basilisk (D:10)
  A hungry ghost (D:9)
  Eustachio (D:6)
  A steam dragon (D:11)
  A steam dragon (shapeshifter) (D:10)
  A vampire mosquito (D:10)
  A swamp worm (shapeshifter) (D:10)
  An acid dragon (D:10)
  A water moccasin (D:9)
  Edmund (D:4)
  2 porcupines (D:9)
  3 orc warriors
  5 sky beasts
  3 black bears
  3 phantoms
  2 necrophages (D:8)
  3 ogres
  12 centaurs
  A crocodile (D:9)
  A crocodile (shapeshifter) (D:10)
  A big kobold (D:10)
  7 bullfrogs
  A wyvern zombie (D:10)
  A wyvern skeleton (D:8)
  7 wights
  4 howler monkeys
  4 bullfrog zombies
  4 centaur zombies
  8 crimson imps
  4 hounds
  5 jellies
  2 centaur skeletons
  5 orc priests
  A bullfrog skeleton (D:6)
  Jessica (D:3)
  3 iguanas
  3 orc wizards
  9 worker ants
  A hound zombie (D:8)
  A worker ant zombie (D:5)
  14 adders
  4 gnolls (D:8)
  3 shadow imps (D:5)
  2 oozes
  2 adder skeletons
  An adder zombie (D:8)
  4 worms
  2 dart slugs
  8 leopard geckos
  24 orcs
  7 bats
  10 giant cockroaches
  15 hobgoblins
  7 jackals
  16 kobolds
  2 quokkas
  3 ball pythons
  3 frilled lizards
  10 goblins
  A quokka skeleton (D:4)
  10 rats
  A demonic plant (D:11)
  A plant (D:11)
283 creatures vanquished.

Vanquished Creatures (collateral kills)
  A kobold demonologist (D:11)
  A centaur simulacrum (D:15)
  Menkaure (D:6)
  A sky beast (D:5)
  A bullfrog (D:6)
  2 worker ants
  2 adders
  2 orcs (D:3)
  A bat (D:3)
12 creatures vanquished.

Vanquished Creatures (others)
  4 slaves (D:8)
  A big kobold (D:8)
  A hound (D:8)
  4 kobolds (D:8)
  2 fungi (D:9)
12 creatures vanquished.

Grand Total: 307 creatures vanquished

Notes
Turn   | Place    | Note
-------+----------+-------------------------------------------
     0 | D:1      | rorschach the Draconian Transmuter began the quest for the
                  | Orb.
     0 | D:1      | Reached XP level 1. HP: 16/16 MP: 3/3
   460 | D:1      | Reached XP level 2. HP: 14/23 MP: 0/5
   465 | D:1      | Learned a level 2 spell: Sticks to Snakes
  1079 | D:2      | Reached XP level 3. HP: 15/28 MP: 6/6
  1378 | D:2      | Found an ancient bone altar of Kikubaaqudgha.
  1395 | D:2      | Found a snail-covered altar of Cheibriados.
  1396 | D:2      | Found a sacrificial altar of Ru.
  1525 | D:2      | Learned a level 3 spell: Spider Form
  1698 | D:2      | Found a shadowy altar of Dithmenos.
  2169 | D:3      | Reached XP level 4. HP: 35/35 MP: 7/7
  2358 | D:3      | Noticed Jessica
  2384 | D:3      | Killed Jessica
  2762 | D:3      | Reached skill level 4 in Unarmed Combat
  2840 | D:3      | Found a radiant altar of Vehumet.
  2852 | D:3      | Reached XP level 5. HP: 34/40 MP: 6/9
  3580 | D:4      | Noticed Edmund
  3704 | D:4      | Reached skill level 1 in Poison Magic
  3736 | D:4      | Reached XP level 6. HP: 39/47 MP: 6/10
  4052 | D:4      | Killed Edmund
  4258 | D:4      | Found a hazy altar of Hepliaklqana.
  4387 | D:5      | Entered Level 5 of the Dungeon
  4408 | D:5      | Noticed a sky beast
  4424 | D:5      | Killed a sky beast
  4424 | D:5      | Reached skill level 5 in Unarmed Combat
  4424 | D:5      | Your scales start taking on an icy white colour.
  4424 | D:5      | Reached XP level 7. HP: 20/52 MP: 9/12
  4424 | D:5      | Gained mutation: Your flesh is cold resistant. (rC+) [White
                  | Draconian growth]
  4866 | D:5      | Found a bloodstained altar of Trog.
  5198 | D:5      | Reached skill level 1 in Throwing
  5249 | D:5      | Reached skill level 1 in Evocations
  6142 | D:6      | Reached XP level 8. HP: 47/61 MP: 12/14
  6292 | D:6      | Found a staircase to the Ecumenical Temple.
  6316 | D:6      | Got a sparkling ivory ring
  6318 | D:6      | Identified the ring of Ikkaim Jaom {Str+3 Stlth-} (You
                  | found it on level 6 of the Dungeon)
  6356 | D:6      | Reached skill level 6 in Unarmed Combat
  6373 | D:6      | Noticed Eustachio
  6386 | Temple   | Entered the Ecumenical Temple
  6554 | Temple   | Became a worshipper of Uskayaw the Reveler
  6579 | D:6      | Reached * piety under Uskayaw
  6582 | D:6      | Killed Eustachio
  6582 | D:6      | Reached ** piety under Uskayaw
  6676 | D:6      | Noticed Menkaure
  6691 | D:6      | Killed Menkaure
  6729 | D:6      | Learned a level 4 spell: Ice Form
  6803 | D:6      | Reached skill level 7 in Unarmed Combat
  7292 | D:6      | Reached skill level 1 in Ice Magic
  7673 | D:7      | Found Jenaeqe's Book Shop.
  7885 | D:7      | Reached *** piety under Uskayaw
  7886 | D:7      | Reached XP level 9. HP: 43/68 MP: 6/16
  8733 | D:8      | Reached skill level 5 in Transmutations
  8871 | D:8      | You fall into a shaft and drop 2 floors!
  8871 | D:10     | Entered Level 10 of the Dungeon
  8883 | D:10     | Reached skill level 5 in Spellcasting
  8890 | D:10     | Noticed a troll
  8890 | D:10     | Reached **** piety under Uskayaw
  8893 | D:10     | Noticed a two-headed ogre
  8897 | D:10     | Reached ***** piety under Uskayaw
  8913 | D:10     | Killed a two-headed ogre
  8913 | D:10     | Reached skill level 8 in Unarmed Combat
  9586 | D:9      | Found a staircase to the Orcish Mines.
  9837 | D:9      | Reached XP level 10. HP: 75/75 MP: 13/18
  9945 | D:8      | Noticed Pikel
  9993 | D:8      | Killed Pikel
 10022 | D:8      | Reached skill level 9 in Unarmed Combat
 10107 | D:8      | Noticed a two-headed ogre
 10160 | D:7      | Learned a level 2 spell: Swiftness
 10242 | D:8      | Noticed Maurice
 10250 | D:8      | Killed Maurice
 10250 | D:8      | Reached skill level 5 in Ice Magic
 10894 | D:8      | Killed a two-headed ogre
 11323 | D:9      | Found a white marble altar of Elyvilon.
 11325 | D:9      | Noticed a two-headed ogre
 11349 | D:9      | Killed a two-headed ogre
 11650 | D:9      | Reached skill level 5 in Dodging
 11771 | D:9      | Found a staircase to the Lair.
 11905 | D:9      | Reached skill level 1 in Air Magic
 11987 | D:10     | Reached skill level 10 in Unarmed Combat
 12444 | D:10     | Reached skill level 1 in Charms
 12479 | D:10     | Reached XP level 11. HP: 77/81 MP: 17/20
 12805 | D:10     | Noticed a two-headed ogre
 12821 | D:10     | Killed a two-headed ogre
 13025 | D:10     | Noticed a centaur warrior
 13039 | D:10     | Killed a centaur warrior
 13358 | D:10     | Found a runed translucent door.
 13401 | D:10     | Noticed a centaur warrior
 13411 | D:10     | Killed a centaur warrior
 14162 | D:10     | Noticed an orc knight
 14193 | D:10     | Killed an orc knight
 14630 | D:10     | Reached skill level 11 in Unarmed Combat
 14774 | D:11     | Found Omiteadd's Distillery.
 14787 | D:11     | Reached skill level 1 in Invocations
 15020 | D:11     | Bought a potion of mutation for 120 gold pieces
 15020 | D:11     | Gained mutation: Your large and strong wings let you fly
                  | indefinitely. [potion of mutation]
 15020 | D:11     | Gained mutation: You possess an exceptional clarity of
                  | mind. [potion of mutation]
 15020 | D:11     | Gained mutation: Your tail ends in a poisonous barb.
                  | [potion of mutation]
 15020 | D:11     | Gained mutation: You are resistant to hostile enchantments.
                  | (MR+) [potion of mutation]
 15096 | D:11     | Found a corrupted altar of Lugonu.
 16493 | D:12     | Noticed Jorgrun
 16704 | D:12     | You are sucked into a shaft and drop 3 floors!
 16704 | D:15     | Entered Level 15 of the Dungeon
 16708 | D:15     | Noticed Louise
 16717 | D:15     | Killed from afar by Louise

Levels and vault maps discovered:
D:1:      minmay_arrival_glassed_features, layout_basic
D:2:      layout_basic, chequers_temple_overflow_statue_of_worship,
          kennysheep_small_spiral, grunt_dithmenos_smoke_and_mirrors
D:3:      layout_loops_cross, nicolae_overflow_crystal_walls, first_ration,
          minmay_joined_circles, uniq_jessica
D:4:      layout_rooms, kennysheep_mini, serial_glass, glass_columns_c,
          glass_columns_c, feat_on_display, due_unseen_surprise,
          item_on_display_a, feat_on_display, uniq_edmund
D:5:      layout_layer_cave, old_standard_altar
D:6:      layout_basic, minmay_temple_entry_waves, hangedman_decor_points,
          uniq_menkaure, uniq_eustachio
D:7:      layout_basic, serial_shops, nicolae_shop_trees
D:8:      layout_basic, minmay_manual_mandibuliform, uniq_maurice, uniq_pikel
D:9:      layout_irregular_city, grunt_lair_entry_orc_guard_hut, orc_0_dummy,
          elyvilon_altar_5
D:10:     minmay_the_grid_triangle_9x9_rhombus_thin
          [minmay_the_grid_triangle_9x9_corruption,
          minmay_the_grid_triangle_9x9_prize_schism,
          minmay_the_grid_triangle_9x9_subtriangle,
          minmay_the_grid_triangle_9x9_corrupted_corridor], layout_basic
D:11:     kennysheep_kobold_lugonu_temple, layout_irregular_city, serial_shops,
          shop
D:12:     layout_basic, gauntlet_entry_generic, hangedman_little_slice_of_home,
          uniq_jorgrun
D:15:     hangedman_depths_entry_civil_slaughter, layout_basic,
          ebering_dispersal_statue_hall, serial_shops, nicolae_shop_crystal,
          uniq_louise
Temple:   nicolae_temple_elliptical

Skill      XL: |  1  2  3  4  5  6  7  8  9 10 11 |
---------------+----------------------------------+-----
Dodging        | 2 4 5 |  5.8
Transmutations | 3 4 5 6 7 |  7.7
Spellcasting   | 3 4 5 6 |  6.1
Unarmed Combat | 4 5 7 8 10 11 | 11.4
Poison Magic   | 1 2 3 4 |  4.0
Throwing       | 1 2 3 4 |  4.1
Evocations     | 1 2 |  2.1
Fighting       | 2 3 4 |  4.0
Ice Magic      | 1 4 6 7 |  7.3
Air Magic      | 1 3 |  3.1
Charms         | 1 2 |  2.8
Invocations    | 2 |  2.4

Action                   |  1- 3 |  4- 6 |  7- 9 | 10-12 || total
-------------------------+-------+-------+-------+-------++-------
Melee: Unarmed           |   111 |   201 |   297 |   362 ||   971
       Kick              |     1 |    22 |    12 |       ||    35
       Headbutt          |     7 |    14 |    22 |    19 ||    62
       Tailslap          |    10 |    26 |    45 |    18 ||    99
       Punch             |     1 |     4 |     5 |     2 ||    12
Throw: Dart              |       |    12 |    72 |    72 ||   156
 Cast: Beastly Appendage |    18 |    21 |    30 |    17 ||    86
       Sticks to Snakes  |     2 |    13 |     3 |     1 ||    19
       Spider Form       |       |     2 |    12 |    19 ||    33
       Ice Form          |       |       |     1 |    11 ||    12
 Abil: Breathe Frost     |       |       |     1 |     1 ||     2
       End Transformatio |       |       |       |     1 ||     1
       Fly               |       |       |       |     1 ||     1
Evoke: Wand              |       |     2 |       |    15 ||    17
       Phantom mirror    |       |       |       |     1 ||     1
  Use: Scroll            |     2 |       |     8 |     9 ||    19
       Potion            |       |     1 |       |     1 ||     2
 Stab: Sleeping          |     2 |       |     2 |       ||     4
       Paralysed         |       |       |     4 |    10 ||    14
  Eat: Chunk             |     4 |     9 |    15 |    18 ||    46
       Ration            |       |       |     1 |     2 ||     3
Armor: Skin              |    33 |    44 |    64 |    63 ||   204
Dodge: Dodged            |    78 |   147 |   184 |   253 ||   662

Table legend:
 A = Non-vault XP
 B = Vault XP
 C = Vault XP percentage of total XP
 D = Non-vault monster count
 E = Vault monster count
 F = Vault count percentage of total count
                 A         B        C        D         E       F
            +---------+---------+-------+---------+---------+-------
      Total |   13849 |    7440 |  34.9 |     245 |      48 |  16.4
            +---------+---------+-------+---------+---------+-------
        D:1 |      31 |       0 |   0.0 |      14 |       0 |   0.0
        D:2 |      62 |       0 |   0.0 |      24 |       0 |   0.0
        D:3 |     123 |      96 |  43.8 |      31 |      21 |  40.4
        D:4 |     163 |     147 |  47.4 |      16 |       1 |   5.9
        D:5 |     697 |       0 |   0.0 |      17 |       0 |   0.0
        D:6 |    1023 |     264 |  20.5 |      23 |       2 |   8.0
        D:7 |     667 |       0 |   0.0 |      15 |       0 |   0.0
        D:8 |    1848 |    1196 |  39.3 |      24 |       4 |  14.3
        D:9 |    1863 |     737 |  28.3 |      20 |       6 |  23.1
       D:10 |    4922 |    3934 |  44.4 |      40 |      11 |  21.6
       D:11 |    2244 |    1066 |  32.2 |      19 |       3 |  13.6
       D:12 |      42 |       0 |   0.0 |       1 |       0 |   0.0
       D:15 |     164 |       0 |   0.0 |       1 |       0 |   0.0
            +---------+---------+-------+---------+---------+-------
